Map: 2000 Atmospheres LE

Players

frostydog

  • Race: Zerg Zerg
  • League: Gold

CaPnLeo - Winner!

  • Race: Zerg Zerg
  • League: Silver

VOD

Have the link to the VOD?

Description

Time

  • Played on: April 25, 2021, 5:08 p.m.
  • Length: 19:10
Show
View Real Time Build Order
Export as new Build Order

frostydog Zerg 

Build Orders: Pool First 

Get SALT Encoding   

  12  0:01  Drone  
  13  0:13  Drone  
  14  0:16  Overlord  
  14  0:34  Drone  
  14  0:35  Drone x2  
  17  0:46  Spawning Pool  
  16  1:13  Hatchery  
  15  1:20  Extractor  
  15  1:23  Drone x2  
  15  1:24  Drone  
  17  1:33  Queen  
  17  1:37  Drone  
  20  1:46  Drone  
  21  1:56  Drone  
  22  2:08  Overlord  
  22  2:17  Extractor  
  22  2:18  Drone  
  22  2:24  Roach Warren  
  22  2:25  Drone  
  22  2:26  Queen  
  24  2:30  Drone  
  25  2:37  Drone  
  27  2:44  Drone x4  
  30  2:54  Drone x2  
  32  2:58  Drone  
  33  3:10  Roach  
  33  3:12  Overlord  
  35  3:18  Drone  
  36  3:22  Extractor  
  35  3:29  Lair  
  35  3:31  Drone  
  35  3:32  Drone x3  
  39  3:39  Roach x2  
  43  3:52  Overlord x2  
  43  4:00  Drone  
  44  4:13  Drone  
  44  4:14  Drone x4  
  49  4:30  Glial Reconstitution  
  49  4:32  Roach x5  
  59  4:47  Drone  
  59  4:49  Overlord x2  
  60  5:01  Spine Crawler  
  60  5:05  Spine Crawler, Queen  
  60  5:06  Queen  
  60  5:07  Overlord  
  60  5:10  Drone x5  
  60  5:11  Hatchery  
  66  5:16  Roach x2  
  68  5:31  Roach  
  68  5:32  Roach x4  
  76  5:39  Roach  
  76  5:48  Roach x2  
  64  6:10  Roach x6  
  68  6:21  Spine Crawler  
  67  6:25  Roach  
  67  6:26  Roach x6  
  67  6:31  Hatchery  
  76  6:36  Roach x2  
  80  6:44  Overlord  
  80  6:45  Queen x2  
  84  7:07  Metabolic Boost  
  84  7:09  Evolution Chamber x2  
  84  7:14  Roach x5  
  90  7:29  Roach x3  
  92  7:34  Overlord  
  92  7:35  Overlord x2  
  92  7:55  Roach x8  
  92  7:58  Pneumatized Carapace  
  108  8:01  Hatchery  
  107  8:10  Roach  
  107  8:11  Roach x3  
  115  8:18  Zerg Missile Weapons Level 1  
  115  8:23  Zerg Ground Armor Level 1  
  115  8:37  Drone  
  115  8:39  Overlord x4  
  115  8:40  Extractor  
  115  8:57  Queen x2  
  109  9:11  Roach x4  
  109  9:12  Roach x3  
  119  9:20  Drone x4  
  119  9:22  Queen  
  125  9:29  Overseer  
  125  9:32  Queen  
  125  9:33  Roach x4  
  135  9:41  Roach  
  143  9:45  Roach x3  
  143  10:13  Roach x5  
  153  10:17  Overlord x2  
  153  10:18  Overlord x2  
  153  10:40  Hatchery  
  152  10:49  Queen x3  
  156  10:50  Spore Crawler  
  156  10:51  Spore Crawler x2  
  156  10:55  Spore Crawler  
  154  11:09  Ravager x13  
  154  11:10  Ravager x3  
  170  11:18  Extractor  
  169  11:21  Drone  
  169  11:23  Overlord x2  
  169  11:24  Overlord  
  170  11:43  Roach x2  
  170  11:44  Roach x4  
  182  11:49  Overseer  
  182  11:55  Roach  
  182  11:56  Roach x2  
  182  12:01  Zergling x6  
  191  12:17  Overlord  
  191  12:18  Overlord  
  174  12:33  Roach x7  
  174  12:34  Roach  
  165  12:49  Roach  
  159  13:05  Roach x9  
  98  13:46  Roach x12  
  98  13:47  Extractor  
  121  14:00  Drone  
  122  14:12  Spore Crawler  
  122  14:13  Spore Crawler  
  122  14:14  Drone x4  
  124  14:17  Spore Crawler  
  124  14:20  Overlord  
  123  14:26  Drone  
  123  14:27  Drone x2  
  126  14:40  Spire  
  126  14:41  Drone  
  126  14:42  Drone  
  127  14:53  Overlord x3  
  122  15:18  Overlord x3  
  114  15:29  Queen  
  114  15:30  Queen x2  
  112  16:10  Roach x4  
  92  16:23  Mutalisk x5  
  92  16:39  Overlord  
  92  16:41  Mutalisk  
  84  16:56  Mutalisk  
  84  16:57  Mutalisk  
  84  17:10  Drone  
  84  17:11  Drone x2  
  84  17:13  Drone  
  86  17:21  Overlord  
  82  17:40  Overlord x2  
  82  17:41  Mutalisk  
  84  17:45  Drone  
  84  17:47  Drone  
  88  17:58  Roach  
  88  17:59  Drone x2  
  70  18:31  Spawning Pool  
  67  18:36  Spire  
Show
View Real Time Build Order
Export as new Build Order

CaPnLeo Zerg - Winner!

Build Orders: Hatch First 

Get SALT Encoding   

  12  0:00  Drone  
  13  0:12  Overlord  
  13  0:17  Drone  
  14  0:38  Drone x2  
  16  0:49  Hatchery  
  15  0:53  Drone  
  16  1:08  Spawning Pool  
  16  1:11  Drone  
  16  1:22  Extractor  
  15  1:37  Drone x3  
  18  1:50  Overlord  
  18  1:57  Queen  
  20  2:03  Zergling x2  
  21  2:11  Zergling x2  
  22  2:20  Drone x2  
  24  2:31  Roach Warren  
  24  2:33  Drone x2, Overlord  
  25  2:43  Zergling x2  
  26  2:57  Drone x4  
  30  3:07  Queen  
  30  3:10  Hatchery  
  31  3:15  Roach  
  31  3:19  Metabolic Boost  
  32  3:45  Roach x3  
  32  3:46  Drone x4, Roach  
  32  3:48  Overlord  
  43  4:02  Overlord x2  
  43  4:08  Lair  
  43  4:11  Roach  
  45  4:19  Overlord  
  45  4:20  Roach  
  48  4:38  Drone x2  
  48  4:39  Roach x3  
  55  4:54  Extractor  
  53  5:02  Roach x3  
  53  5:03  Zergling x10  
  64  5:07  Queen  
  64  5:09  Drone x2  
  68  5:22  Drone x3  
  71  5:34  Overlord  
  71  5:35  Drone  
  71  5:36  Roach x3  
  76  6:03  Overlord  
  76  6:04  Roach x2, Overlord  
  73  6:05  Roach  
  73  6:11  Spore Crawler  
  77  6:13  Spore Crawler  
  77  6:14  Extractor  
  77  6:15  Extractor  
  73  6:32  Drone x3  
  76  6:33  Drone x4  
  80  6:44  Hatchery  
  79  6:54  Drone  
  79  6:55  Drone  
  79  6:59  Drone x3  
  79  7:00  Overseer  
  84  7:09  Glial Reconstitution  
  80  7:33  Drone x5  
  80  7:34  Drone x4  
  89  7:43  Spire  
  88  7:45  Infestation Pit  
  88  7:47  Evolution Chamber, Hatchery  
  88  7:48  Evolution Chamber  
  88  7:49  Evolution Chamber  
  88  7:51  Spore Crawler  
  82  7:56  Drone x5, Overlord  
  82  7:57  Overlord  
  87  8:28  Roach, Zergling x4  
  87  8:29  Roach x3, Zergling x4  
  87  8:33  Overseer  
  99  8:50  Drone x4  
  99  8:51  Drone x2, Overlord  
  99  8:52  Zerg Ground Armor Level 1, Zerg Melee Weapons Level 1, Zerg Missile Weapons Level 1  
  105  8:56  Pathogen Glands  
  104  9:21  Mutalisk  
  104  9:22  Mutalisk x5  
  116  9:30  Extractor  
  115  9:32  Hatchery, Extractor  
  115  9:33  Drone x3, Mutalisk, Extractor  
  115  9:34  Extractor  
  115  9:35  Overlord x3  
  115  9:36  Overlord x2  
  116  9:56  Mutalisk x2  
  116  9:57  Mutalisk  
  122  10:02  Hatchery  
  121  10:16  Drone  
  121  10:17  Drone x5  
  127  10:40  Zerg Flyer Weapons Level 1  
  127  10:53  Drone x2  
  127  10:54  Drone  
  127  10:56  Drone  
  132  10:57  Drone x2, Overlord x4  
  133  11:11  Overseer  
  133  11:12  Overseer  
  133  11:13  Spine Crawler  
  133  11:18  Zerg Ground Armor Level 2, Zerg Missile Weapons Level 2, Zerg Melee Weapons Level 2  
  132  11:21  Mutalisk x4  
  132  11:22  Roach x4, Mutalisk  
  138  11:52  Roach, Mutalisk x4  
  138  11:53  Roach x3  
  138  11:54  Roach  
  156  12:03  Drone x4  
  156  12:06  Hatchery  
  159  12:18  Overseer  
  134  12:32  Mutalisk x2  
  134  12:33  Roach x3, Mutalisk x3  
  134  12:34  Roach  
  126  12:42  Mutalisk  
  126  12:43  Roach x2  
  116  12:57  Mutalisk  
  116  12:58  Roach x3  
  123  13:00  Zergling x2  
  116  13:11  Lair  
  107  13:21  Mutalisk  
  109  13:38  Drone x6  
  115  14:15  Mutalisk x4  
  123  14:26  Hatchery  
  123  14:30  Hatchery  
  121  14:54  Drone x3  
  121  14:55  Drone x9  
  123  15:27  Mutalisk x4  
  123  15:28  Mutalisk  
  133  15:29  Zergling x4  
  133  15:30  Zergling x8  
  130  16:10  Zergling x2  
  130  16:11  Zergling x22  
  126  16:15  Extractor  
  126  16:16  Extractor  
  127  16:22  Hatchery  
  126  16:30  Zerg Flyer Weapons Level 2  
  126  16:35  Hive  
  126  16:38  Extractor  
  125  16:40  Extractor  
  124  16:58  Roach Warren  
  123  17:05  Drone x6  
  123  17:06  Drone x6  
  135  17:18  Neural Parasite  
  135  17:49  Mutalisk x5  
  135  17:50  Roach  
  135  17:51  Roach x6  
  145  18:23  Mutalisk  
  145  18:24  Roach, Mutalisk x3  
  145  18:25  Roach x3  
Tags
 
Add a new tag
Caveats
  • Supply blocks, unpowered buildings, or Contaminate may cause inaccurate times.
  • Supply counts are checked every 10 seconds.